TOP OF THE 1ST |
Batavia Muckdogs batting - Pitching for Los Angeles (NYP) Dodgers : RHP Rick Grenfell
|
Pitching: RHP Rick Grenfell
|
|
Batting: RHB Jeremy Dennis
|
0-0: Called Strike 0-1: Swinging Strike 0-2: Ball 1-2: Ball 2-2: Ground out 6-3 (Groundball, 6, EV 86.2 MPH)
|
Batting: RHB Rick English
|
0-0: Ball 1-0: Ball 2-0: Ground out 1-3 (Groundball, 15S, EV 75.6 MPH)
|
Batting: SHB Justin Corbett
|
0-0: Ball 1-0: Foul Ball, location: 2F 1-1: Foul Ball, location: 2F 1-2: Foul Ball, location: 2F 1-2: Ball 2-2: Fly out, F8 (Flyball, 8RXD, EV 92.5 MPH)
|
Top of the 1st over - 0 runs, 0 hits, 0 errors, 0 left on base; Batavia 0 - Los Angeles (NYP) 0 |
BOTTOM OF THE 1ST |
Los Angeles (NYP) Dodgers batting - Pitching for Batavia Muckdogs : RHP Ryan Kominski
|
Pitching: RHP Ryan Kominski
|
|
Batting: RHB Perry Dominey
|
0-0: Called Strike 0-1: Ball 1-1: Ball 2-1: Swinging Strike 2-2: Strikes out swinging
|
Batting: SHB Dave Reynoso
|
0-0: Ball 1-0: Called Strike 1-1: Foul Ball, location: 2F 1-2: Strikes out looking
|
Batting: LHB Conor Bailey
|
0-0: Called Strike 0-1: Swinging Strike 0-2: SINGLE (Flyball, 3D, EV 85.6 MPH)
|
Batting: LHB Randy Stapleton
|
0-0: Ball 1-0: Called Strike 1-1: Called Strike 1-2: Foul Ball, location: 2F 1-2: SINGLE (Line Drive, 4MD, EV 102.5 MPH) Conor Bailey to second
|
Batting: SHB Marcos Cortez
|
0-0: Ball 1-0: Ball 2-0: Ball 3-0: Base on Balls Conor Bailey to third Randy Stapleton to second
|
Batting: RHB Cory Bonham
|
0-0: Ball 1-0: Foul Ball, location: 2F 1-1: Swinging Strike 1-2: SINGLE (Line Drive, 89S, EV 91.9 MPH) Conor Bailey scores Randy Stapleton to third Marcos Cortez to second Runner from 3rd tries for Home, throw by RF and OUT! 9-2
|
Bottom of the 1st over - 1 run, 3 hits, 0 errors, 2 left on base; Batavia 0 - Los Angeles (NYP) 1 |
TOP OF THE 2ND |
Batavia Muckdogs batting - Pitching for Los Angeles (NYP) Dodgers : RHP Rick Grenfell
|
Batting: RHB Tony Ledezma
|
0-0: DOUBLE (Line Drive, 5D, EV 94.4 MPH)
|
Batting: LHB Danny Treto
|
0-0: Ball 1-0: Ball 2-0: Ball 3-0: Called Strike 3-1: SINGLE (Groundball, 4MS, EV 63.8 MPH) (infield hit) Tony Ledezma to third
|
Batting: RHB Andy Kelly
|
0-0: Foul Ball, location: 2F 0-1: Foul Ball, location: 2F 0-2: Fielders Choice at 2nd, 5-4 (Groundball, 5L, EV 85.6 MPH) Tony Ledezma scores
|
Batting: RHB George Boivin
|
0-0: Ball 1-0: Called Strike 1-1: Foul Ball, location: 2F 1-2: Fly out, F3 (Popup, 3SF, EV 73.1 MPH)
|
Batting: RHB Hiromitsu Yamada
|
0-0: Called Strike 0-1: Ground out 5-3 (Groundball, 5S, EV 83.1 MPH)
|
Top of the 2nd over - 1 run, 2 hits, 0 errors, 1 left on base; Batavia 1 - Los Angeles (NYP) 1 |
BOTTOM OF THE 2ND |
Los Angeles (NYP) Dodgers batting - Pitching for Batavia Muckdogs : RHP Ryan Kominski
|
Batting: RHB Frank Elizondo
|
0-0: Called Strike 0-1: Ball 1-1: Ground out 6-3 (Groundball, 6, EV 104.4 MPH)
|
Batting: RHB Chris Graham
|
0-0: Ball 1-0: Ball 2-0: Swinging Strike 2-1: Foul Ball, location: 2F 2-2: Ground out 5-3 (Groundball, 56S, EV 88.8 MPH)
|
Batting: RHB Yok-sing Zhào
|
0-0: Ball 1-0: Fly out, F9 (Flyball, 89D, EV 85.0 MPH)
|
Bottom of the 2nd over - 0 runs, 0 hits, 0 errors, 0 left on base; Batavia 1 - Los Angeles (NYP) 1 |
TOP OF THE 3RD |
Batavia Muckdogs batting - Pitching for Los Angeles (NYP) Dodgers : RHP Rick Grenfell
|
Batting: RHB Junro Kato
|
0-0: Ball 1-0: Ball 2-0: Called Strike 2-1: Ball 3-1: Swinging Strike 3-2: Foul Ball, location: 2F 3-2: Strikes out swinging
|
Batting: RHB Jeremy Dennis
|
0-0: Called Strike 0-1: Fly out, F4 (Line Drive, 34, EV 76.9 MPH)
|
Batting: RHB Rick English
|
0-0: Called Strike 0-1: Fly out, F4 (Popup, 34, EV 70.0 MPH)
|
Top of the 3rd over - 0 runs, 0 hits, 0 errors, 0 left on base; Batavia 1 - Los Angeles (NYP) 1 |
BOTTOM OF THE 3RD |
Los Angeles (NYP) Dodgers batting - Pitching for Batavia Muckdogs : RHP Ryan Kominski
|
Batting: RHB Perry Dominey
|
0-0: Fly out, F7 (Flyball, 78M, EV 81.9 MPH)
|
Batting: SHB Dave Reynoso
|
0-0: Ball 1-0: Called Strike 1-1: Swinging Strike 1-2: Foul Ball, location: 2F 1-2: Ball 2-2: Strikes out swinging
|
Batting: LHB Conor Bailey
|
0-0: Ball 1-0: Swinging Strike 1-1: Ball 2-1: Ball 3-1: Ground out 5-3 (Groundball, 56, EV 98.1 MPH)
|
Bottom of the 3rd over - 0 runs, 0 hits, 0 errors, 0 left on base; Batavia 1 - Los Angeles (NYP) 1 |
TOP OF THE 4TH |
Batavia Muckdogs batting - Pitching for Los Angeles (NYP) Dodgers : RHP Rick Grenfell
|
Batting: SHB Justin Corbett
|
0-0: Ball 1-0: Ball 2-0: Ball 3-0: Called Strike 3-1: Ground out 2-3 (Groundball, 2R, EV 68.8 MPH)
|
Batting: RHB Tony Ledezma
|
0-0: Ball 1-0: Called Strike 1-1: Foul Ball, location: 2F 1-2: SINGLE (Groundball, 34D, EV 104.4 MPH)
|
Batting: LHB Danny Treto
|
0-0: Foul Ball, location: 2F 0-1: Ball 1-1: SINGLE (Groundball, 5, EV 95.0 MPH) Tony Ledezma to second
|
Batting: RHB Andy Kelly
|
0-0: Called Strike 0-1: Called Strike 0-2: Ball Wild Pitch! Tony Ledezma to third Danny Treto to second 1-2: Ball 2-2: Ball 3-2: Ground out 6-3 (Groundball, 6S, EV 68.8 MPH)
|
Pitching: RHP Ramon Luna
|
|
Batting: RHB George Boivin
|
0-0: Ball 1-0: Foul Ball, location: 2F 1-1: Ball Wild Pitch! Tony Ledezma scores Danny Treto to third 2-1: Fly out, F7 (Flyball, 7, EV 91.2 MPH)
|
Top of the 4th over - 1 run, 2 hits, 0 errors, 1 left on base; Batavia 2 - Los Angeles (NYP) 1 |
BOTTOM OF THE 4TH |
Los Angeles (NYP) Dodgers batting - Pitching for Batavia Muckdogs : RHP Ryan Kominski
|
Batting: LHB Randy Stapleton
|
0-0: Swinging Strike 0-1: Ball 1-1: Ball 2-1: Foul Ball, location: 2F 2-2: Ground out U3 (Groundball, 3, EV 96.9 MPH)
|
Batting: SHB Marcos Cortez
|
0-0: Ball 1-0: Called Strike 1-1: Foul Ball, location: 2F 1-2: Ball 2-2: Foul Ball, location: 2F 2-2: Foul Ball, location: 2F 2-2: Foul Ball, location: 2F 2-2: Ball 3-2: Strikes out looking
|
Batting: RHB Cory Bonham
|
0-0: Ball 1-0: Foul Ball, location: 2F 1-1: DOUBLE (Line Drive, 8LXD, EV 105.6 MPH)
|
Batting: RHB Frank Elizondo
|
0-0: Ball 1-0: Foul Ball, location: 2F 1-1: Called Strike 1-2: Ball 2-2: Foul Ball, location: 2F 2-2: Foul Ball, location: 2F 2-2: Ball 3-2: Ground out 6-3 (Groundball, 6M, EV 83.1 MPH)
|
Bottom of the 4th over - 0 runs, 1 hit, 0 errors, 1 left on base; Batavia 2 - Los Angeles (NYP) 1 |
TOP OF THE 5TH |
Batavia Muckdogs batting - Pitching for Los Angeles (NYP) Dodgers : RHP Ramon Luna
|
Batting: RHB Hiromitsu Yamada
|
0-0: Ball 1-0: Ball 2-0: Foul Ball, location: 2F 2-1: SINGLE (Line Drive, 4MD, EV 102.5 MPH)
|
Batting: RHB Junro Kato
|
0-0: Ball 1-0: Ball Hiromitsu Yamada steals 2nd base 2-0: Swinging Strike 2-1: Ground out 6-3 (Groundball, 6, EV 92.5 MPH)
|
Batting: RHB Jeremy Dennis
|
0-0: Ball Wild Pitch! Hiromitsu Yamada to third 1-0: Called Strike 1-1: Foul Ball, location: 2F 1-2: Ball 2-2: Foul Ball, location: 2F 2-2: Ball Passed Ball! Hiromitsu Yamada scores 3-2: Strikes out swinging
|
Batting: RHB Rick English
|
0-0: Ball 1-0: Swinging Strike 1-1: Called Strike 1-2: Foul Ball, location: 2F 1-2: Ball 2-2: Strikes out swinging
|
Top of the 5th over - 1 run, 1 hit, 0 errors, 0 left on base; Batavia 3 - Los Angeles (NYP) 1 |
BOTTOM OF THE 5TH |
Los Angeles (NYP) Dodgers batting - Pitching for Batavia Muckdogs : RHP Ryan Kominski
|
Batting: RHB Chris Graham
|
0-0: Ball 1-0: Called Strike 1-1: Ball 2-1: Foul Ball, location: 2F 2-2: Strikes out swinging
|
Batting: RHB Yok-sing Zhào
|
0-0: Ball 1-0: Ball 2-0: Ball 3-0: Base on Balls
|
Batting: RHB Perry Dominey
|
0-0: Ball Yok-sing Zhào steals 2nd base 1-0: Ball 2-0: Ball 3-0: Base on Balls
|
Batting: SHB Dave Reynoso
|
0-0: Foul Ball, location: 2F 0-1: Called Strike 0-2: Foul Ball, location: 2F 0-2: Ball 1-2: Ball 2-2: Strikes out swinging
|
Batting: LHB Conor Bailey
|
0-0: Ball 1-0: Called Strike 1-1: Foul Ball, location: 2F 1-2: Foul Ball, location: 2F 1-2: Fielders Choice at 2nd, 6-4 (Groundball, 56, EV 78.1 MPH)
|
Bottom of the 5th over - 0 runs, 0 hits, 0 errors, 2 left on base; Batavia 3 - Los Angeles (NYP) 1 |
TOP OF THE 6TH |
Batavia Muckdogs batting - Pitching for Los Angeles (NYP) Dodgers : RHP Ramon Luna
|
Batting: SHB Justin Corbett
|
0-0: Called Strike 0-1: Foul Ball, location: 2F 0-2: Ball 1-2: Ball 2-2: Foul Ball, location: 2F 2-2: Ball 3-2: Ground out 4-3 (Groundball, 4, EV 86.2 MPH)
|
Batting: RHB Tony Ledezma
|
0-0: Called Strike 0-1: Foul Ball, location: 2F 0-2: Ball 1-2: Ball 2-2: Ball 3-2: Base on Balls
|
Pitching: RHP Alfredo Sanchez
|
|
Batting: LHB Danny Treto
|
0-0: Called Strike 0-1: Ball 1-1: Ground out 4-3 (Groundball, 34D, EV 105.0 MPH) Tony Ledezma to second
|
Batting: RHB Andy Kelly
|
0-0: Swinging Strike 0-1: Ball 1-1: Fly out, F8 (Flyball, 8LD, EV 108.8 MPH)
|
Top of the 6th over - 0 runs, 0 hits, 0 errors, 1 left on base; Batavia 3 - Los Angeles (NYP) 1 |
BOTTOM OF THE 6TH |
Los Angeles (NYP) Dodgers batting - Pitching for Batavia Muckdogs : RHP Ryan Kominski
|
Batting: LHB Randy Stapleton
|
0-0: Swinging Strike 0-1: Reached on error, E3 (Groundball, 3, EV 87.5 MPH)
|
Batting: SHB Marcos Cortez
|
0-0: Ball 1-0: Called Strike 1-1: Swinging Strike Passed Ball! Randy Stapleton to second 1-2: Ball 2-2: Ground out 6-3 (Groundball, 6, EV 99.4 MPH)
|
DELAY
|
Rain delay of 64 minutes in the 6th inning.
|
Pitching: RHP Victor Delgado
|
|
Batting: RHB Cory Bonham
|
0-0: Swinging Strike 0-1: Swinging Strike 0-2: Foul Ball, location: 2F 0-2: Strikes out swinging
|
Batting: RHB Frank Elizondo
|
0-0: Ball 1-0: Ball 2-0: Ball 3-0: Called Strike 3-1: Base on Balls
|
Pinch Hitting: LHB Ramon Padilla
|
0-0: Ball 1-0: Foul Ball, location: 2F 1-1: Foul Ball, location: 2F 1-2: Strikes out swinging
|
Bottom of the 6th over - 0 runs, 0 hits, 1 error, 2 left on base; Batavia 3 - Los Angeles (NYP) 1 |
TOP OF THE 7TH |
Batavia Muckdogs batting - Pitching for Los Angeles (NYP) Dodgers : RHP Alfredo Sanchez
|
Now at 1B: Ramon Padilla
|
|
Now at 2B: Marcos Cortez
|
|
Batting: RHB George Boivin
|
0-0: Ball 1-0: Ball 2-0: Ball 3-0: Base on Balls
|
Batting: RHB Hiromitsu Yamada
|
0-0: Bunted foul 0-1: Bunt missed! 0-2: Fielders Choice at 2nd, 5-4 (Groundball, 56, EV 80.0 MPH)
|
Batting: RHB Junro Kato
|
0-0: Called Strike 0-1: Swinging Strike 0-2: Ball 1-2: Strikes out looking
|
Batting: RHB Jeremy Dennis
|
0-0: Ball 1-0: SINGLE (Groundball, 4MS, EV 70.6 MPH) (infield hit) Hiromitsu Yamada to second
|
Pitching: RHP Willie Becerra
|
|
Batting: RHB Rick English
|
0-0: Called Strike 0-1: SINGLE (Groundball, 56D, EV 101.9 MPH) Hiromitsu Yamada to third Jeremy Dennis to second Runner from 3rd tries for Home, SAFE, throw by LF to home
|
Batting: SHB Justin Corbett
|
0-0: Called Strike 0-1: Ball 1-1: Swinging Strike 1-2: Ball 2-2: Ball 3-2: Fly out, F9 (Flyball, 9S, EV 90.6 MPH)
|
Top of the 7th over - 1 run, 2 hits, 0 errors, 2 left on base; Batavia 4 - Los Angeles (NYP) 1 |
BOTTOM OF THE 7TH |
Los Angeles (NYP) Dodgers batting - Pitching for Batavia Muckdogs : RHP Victor Delgado
|
Pinch Hitting: RHB Jose Corral
|
0-0: Fly out, F8 (Flyball, 89S, EV 80.6 MPH)
|
Batting: RHB Perry Dominey
|
0-0: Called Strike 0-1: Ground out U3 (Groundball, 3, EV 90.6 MPH)
|
Batting: SHB Dave Reynoso
|
0-0: Ball 1-0: SINGLE (Groundball, 6, EV 96.9 MPH)
|
Batting: LHB Conor Bailey
|
0-0: Called Strike 0-1: Ground out 4-3 (Groundball, 4D, EV 104.4 MPH)
|
Bottom of the 7th over - 0 runs, 1 hit, 0 errors, 1 left on base; Batavia 4 - Los Angeles (NYP) 1 |
TOP OF THE 8TH |
Batavia Muckdogs batting - Pitching for Los Angeles (NYP) Dodgers : RHP Willie Becerra
|
Now in CF: Justin Van Houten
|
|
Batting: RHB Tony Ledezma
|
0-0: SOLO HOME RUN (Flyball, 9D, EV 95.6 MPH), Distance : 375 ft
|
Batting: LHB Danny Treto
|
0-0: Called Strike 0-1: Fly out, F9 (Flyball, 9LM, EV 94.4 MPH)
|
Batting: RHB Andy Kelly
|
0-0: Ball 1-0: Called Strike 1-1: Ground out 5-3 (Groundball, 56, EV 88.8 MPH)
|
Batting: RHB George Boivin
|
0-0: Called Strike 0-1: Ground out 6-3 (Groundball, 56, EV 104.4 MPH)
|
Top of the 8th over - 1 run, 1 hit, 0 errors, 0 left on base; Batavia 5 - Los Angeles (NYP) 1 |
BOTTOM OF THE 8TH |
Los Angeles (NYP) Dodgers batting - Pitching for Batavia Muckdogs : RHP Victor Delgado
|
Batting: LHB Randy Stapleton
|
0-0: Ball 1-0: Ball 2-0: Called Strike 2-1: Called Strike 2-2: Strikes out swinging
|
Batting: SHB Marcos Cortez
|
0-0: DOUBLE (Line Drive, 7LS, EV 96.9 MPH)
|
Pinch Hitting: SHB Guy Jerome
|
0-0: Ball 1-0: Ball 2-0: SINGLE (Line Drive, 8RS, EV 93.1 MPH) Marcos Cortez to third
|
Batting: RHB Frank Elizondo
|
0-0: Called Strike 0-1: Fielders Choice at 2nd, 5-4 (Groundball, 56S, EV 83.8 MPH) Marcos Cortez scores
|
Batting: LHB Ramon Padilla
|
0-0: Called Strike 0-1: Ball 1-1: Foul Ball, location: 2F 1-2: Fly out, F7 (Flyball, 7D, EV 98.1 MPH)
|
Bottom of the 8th over - 1 run, 2 hits, 0 errors, 1 left on base; Batavia 5 - Los Angeles (NYP) 2 |
TOP OF THE 9TH |
Batavia Muckdogs batting - Pitching for Los Angeles (NYP) Dodgers : RHP Willie Becerra
|
Now at 2B: Guy Jerome
|
|
Now at 3B: Marcos Cortez
|
|
Now at SS: Dave Reynoso
|
|
Batting: RHB Hiromitsu Yamada
|
0-0: Called Strike 0-1: Swinging Strike 0-2: SINGLE (Line Drive, 5L, EV 108.1 MPH)
|
Batting: RHB Junro Kato
|
0-0: Called Strike 0-1: Ball 1-1: 2-RUN HOME RUN (Flyball, 7D, EV 103.8 MPH), Distance : 385 ft
|
Pitching: RHP Juan Serrano
|
|
Batting: RHB Jeremy Dennis
|
0-0: Ball 1-0: Foul Ball, location: 2F 1-1: Ball 2-1: Fly out, F9 (Flyball, 9LS, EV 95.0 MPH)
|
Batting: RHB Rick English
|
0-0: Foul Ball, location: 2F 0-1: Ball 1-1: Ball 2-1: Foul Ball, location: 2F 2-2: Ball 3-2: Foul Ball, location: 2F 3-2: Strikes out swinging
|
Batting: SHB Justin Corbett
|
0-0: Called Strike 0-1: SINGLE (Line Drive, 34D, EV 95.0 MPH)
|
Batting: RHB Tony Ledezma
|
0-0: Foul Ball, location: 2F 0-1: Ball 1-1: Ball 2-1: Foul Ball, location: 2F 2-2: Foul Ball, location: 2F 2-2: Ball 3-2: Base on Balls Justin Corbett to second
|
Batting: LHB Danny Treto
|
0-0: Swinging Strike 0-1: SINGLE (Groundball, 6MD, EV 104.4 MPH) Justin Corbett to third Tony Ledezma to second Runner from 3rd tries for Home, SAFE, throw by CF to home
|
Batting: RHB Andy Kelly
|
0-0: Ball 1-0: Called Strike 1-1: Called Strike 1-2: Ball 2-2: Foul Ball, location: 2F 2-2: Ball 3-2: Base on Balls Tony Ledezma to third Danny Treto to second
|
Batting: RHB George Boivin
|
0-0: Ball 1-0: Ball 2-0: Foul Ball, location: 2F 2-1: Called Strike 2-2: Foul Ball, location: 2F 2-2: Strikes out swinging
|
Top of the 9th over - 3 runs, 4 hits, 0 errors, 3 left on base; Batavia 8 - Los Angeles (NYP) 2 |
BOTTOM OF THE 9TH |
Los Angeles (NYP) Dodgers batting - Pitching for Batavia Muckdogs : RHP Victor Delgado
|
Batting: RHB Justin Van Houten
|
0-0: Foul Ball, location: 2F 0-1: Ball 1-1: Ball 2-1: Ball 3-1: Called Strike 3-2: Foul Ball, location: 2F 3-2: Strikes out swinging
|
Batting: RHB Perry Dominey
|
0-0: Called Strike 0-1: Ground out 6-3 (Groundball, 6, EV 85.6 MPH)
|
Batting: SHB Dave Reynoso
|
0-0: Ball 1-0: Ball 2-0: Ground out 6-3 (Groundball, 6MS, EV 86.2 MPH)
|
Bottom of the 9th over - 0 runs, 0 hits, 0 errors, 0 left on base; Batavia 8 - Los Angeles (NYP) 2 |
|